Map: Nightshade LE

Players

Dear - Winner!

  • Race: Protoss Protoss
  • Spawn Location: 5:00

PartinG

  • Race: Protoss Protoss
  • Spawn Location: 11:00

Event: IEM Katowice 2020

VOD

Have the link to the VOD?

Description

Time

  • Played on: Feb. 27, 2020, 8:56 a.m.
  • Length: 10:43

All games in this series

Show
View Real Time Build Order
Export as new Build Order

Dear Protoss - Winner!

Build Orders:  

Get SALT Encoding   

  12  0:00  Probe  
  13  0:12  Probe  
  14  0:17  Pylon  
  14  0:25  Probe (Chrono Boost)  
  15  0:36  Gateway  
  15  0:37  Probe (Chrono Boost)  
  16  0:44  Probe (Chrono Boost)  
  16  0:46  Assimilator  
  17  0:51  Probe  
  17  0:54  Assimilator  
  18  1:03  Probe (Chrono Boost)  
  19  1:07  Gateway  
  19  1:12  Probe (Chrono Boost)  
  19  1:17  Probe (Chrono Boost)  
  20  1:23  Cybernetics Core  
  21  1:29  Probe  
  22  1:35  Pylon  
  22  1:41  Probe  
  23  1:53  Probe  
  24  2:00  Stalker  
  24  2:01  Stalker  
  28  2:05  Warp Gate  
  28  2:06  Probe  
  29  2:19  Pylon  
  29  2:30  Stalker  
  31  2:37  Stalker  
  31  2:39  Robotics Facility  
  33  3:02  Shield Battery  
  33  3:03  Sentry  
  35  3:07  Sentry  
  35  3:08  Pylon  
  37  3:13  Gateway  
  37  3:21  Shield Battery  
  37  3:27  Immortal (Chrono Boost)  
  41  3:39  Pylon  
  41  4:00  Warp Prism  
  43  4:07  Adept x2  
  43  4:08  Sentry  
  49  4:16  Pylon  
  49  4:24  Stargate  
  49  4:41  Immortal  
  49  4:58  Adept  
  49  4:59  Adept  
  53  5:04  Pylon  
  53  5:08  Phoenix (Chrono Boost)  
  55  5:27  Phoenix (Chrono Boost)  
  57  5:41  Observer  
  58  5:43  Nexus  
  58  5:54  Adept  
  58  5:55  Adept x2  
  64  6:05  Shield Battery  
  64  6:12  Phoenix  
  66  6:24  Nexus  
  66  6:37  Phoenix, Pylon  
  68  6:41  Probe  
  69  6:54  Probe  
  63  7:06  Probe (Chrono Boost)  
  63  7:08  Pylon  
  64  7:18  Probe (Chrono Boost)  
  64  7:20  Observer  
  65  7:23  Probe (Chrono Boost)  
  68  7:33  Probe (Chrono Boost)  
  67  7:40  Robotics Bay  
  67  7:42  Probe (Chrono Boost)  
  68  7:58  Probe x2 (Chrono Boost)  
  70  8:09  Probe x2 (Chrono Boost)  
  72  8:17  Probe  
  72  8:18  Probe  
  72  8:19  Shield Battery  
  74  8:27  Disruptor (Chrono Boost)  
  74  8:33  Shield Battery  
  77  8:35  Adept x2  
  77  8:36  Adept  
  77  8:58  Disruptor (Chrono Boost)  
  77  8:59  Adept x3  
  57  9:22  Adept x3  
  60  9:28  Probe x2  
  52  9:40  Probe x2  
  53  9:53  Probe x2 (Chrono Boost)  
  55  10:03  Probe x2 (Chrono Boost)  
  57  10:08  Probe (Chrono Boost)  
  58  10:24  Probe  
Show
View Real Time Build Order
Export as new Build Order

PartinG Protoss 

Build Orders: Zealot Archon 

Get SALT Encoding   

  12  0:00  Probe  
  13  0:12  Probe  
  14  0:17  Pylon  
  14  0:24  Probe (Chrono Boost)  
  15  0:37  Probe (Chrono Boost), Gateway  
  16  0:45  Probe (Chrono Boost)  
  16  0:46  Assimilator  
  17  0:51  Probe  
  17  0:54  Assimilator  
  18  1:03  Probe (Chrono Boost)  
  19  1:07  Gateway  
  19  1:12  Probe (Chrono Boost)  
  19  1:17  Probe (Chrono Boost)  
  21  1:27  Cybernetics Core  
  21  1:29  Probe  
  22  1:34  Pylon  
  22  1:41  Probe  
  24  2:03  Stalker, Robotics Facility  
  24  2:04  Warp Gate  
  25  2:09  Stalker  
  25  2:13  Probe  
  28  2:21  Pylon  
  28  2:34  Sentry  
  29  2:42  Gateway  
  29  2:47  Immortal (Chrono Boost)  
  33  3:03  Probe  
  34  3:15  Warp Prism (Chrono Boost)  
  36  3:21  Pylon  
  36  3:26  Pylon  
  36  3:52  Stalker x3  
  36  3:55  Twilight Council  
  42  4:10  Pylon  
  42  4:22  Stalker x2  
  46  4:28  Observer  
  47  4:35  Dark Shrine  
  47  4:39  Probe  
  43  4:51  Probe  
  44  5:00  Pylon  
  44  5:04  Probe  
  45  5:16  Probe  
  46  5:28  Probe  
  47  5:40  Probe  
  48  5:46  Dark Templar x2  
  48  5:47  Dark Templar  
  50  6:06  Observer  
  50  6:09  Probe  
  50  6:21  Probe  
  51  6:30  Resonating Glaives (Chrono Boost)  
  51  6:33  Probe  
  51  6:46  Probe  
  52  6:47  Adept  
  52  6:51  Nexus  
  54  6:58  Probe  
  55  7:02  Pylon  
  54  7:17  Probe  
  54  7:21  Adept x2, Dark Templar  
  61  7:23  Archon  
  61  7:26  Archon, Shield Battery  
  61  7:33  Pylon  
  61  7:40  Pylon  
  61  7:49  Pylon  
  61  7:52  Sentry  
  63  7:59  Adept  
  63  8:00  Adept  
  68  8:05  Probe x2  
  69  8:17  Probe, Adept  
  72  8:21  Adept  
  72  8:25  Adept  
  76  8:40  Adept  
  78  8:41  Adept x2  
  42  9:17  Probe  
  42  9:18  Probe  
  42  9:19  Pylon x2  
  42  9:21  Gateway  
  42  9:24  Gateway  
  36  9:33  Probe x2 (Chrono Boost)  
  32  9:43  Probe x2 (Chrono Boost)  
  30  9:48  Probe x2 (Chrono Boost), Adept x3  
  34  10:08  Stalker x2  
  34  10:09  Stalker  
  37  10:19  Stalker  
  35  10:23  Stalker  
  35  10:34  Dark Templar  
  35  10:35  Dark Templar  

Tags
 
Add a new tag
Caveats
  • Supply blocks, unpowered buildings, or Contaminate may cause inaccurate times.
  • Supply counts are checked every 10 seconds.